Map: Golden Wall LE

Players

MarineLorD

  • Race: Terran Terran
  • League: Master
  • Spawn Location: 5:00

SortOf - Winner!

  • Race: Zerg Zerg
  • League: Grandmaster
  • Spawn Location: 7:00

Event: DreamHack SC2 Masters 2020 Fall

VOD

Have the link to the VOD?

Description

Time

  • Played on: Aug. 30, 2020, 1:29 p.m.
  • Length: 8:30

All games in this series

Show
View Real Time Build Order
Export as new Build Order

MarineLorD Terran 

Build Orders: Reaper Expand 

Get SALT Encoding   

  12  0:00  SCV  
  13  0:12  SCV  
  14  0:17  Supply Depot  
  14  0:24  SCV  
  15  0:39  SCV  
  15  0:40  Barracks  
  16  0:44  Refinery  
  16  0:51  SCV  
  17  1:03  SCV  
  18  1:15  SCV  
  19  1:27  Reaper  
  19  1:28  Orbital Command  
  20  1:42  Command Center  
  20  1:53  SCV  
  21  1:56  Barracks  
  21  1:59  Barracks Reactor  
  21  2:05  SCV  
  22  2:09  Supply Depot  
  22  2:17  SCV  
  22  2:19  Refinery  
  23  2:30  SCV  
  23  2:35  Factory  
  23  2:36  Marine x2  
  26  2:44  SCV  
  27  2:51  Barracks Tech Lab  
  27  2:54  Orbital Command  
  27  2:59  Marine x2  
  27  3:03  SCV  
  30  3:09  Marine  
  30  3:10  Stimpack  
  31  3:15  SCV  
  31  3:17  Marine x2  
  35  3:20  SCV  
  35  3:27  SCV, Marine  
  35  3:30  Starport, Factory Reactor  
  35  3:32  SCV  
  38  3:36  Marine  
  38  3:39  SCV  
  40  3:44  SCV  
  40  3:49  Marine x2  
  40  3:51  SCV  
  40  3:55  Supply Depot x2, Marine  
  43  3:56  SCV  
  45  4:04  SCV  
  45  4:05  Supply Depot  
  46  4:16  Medivac x2, SCV, Marine x2  
  46  4:17  SCV, Marine  
  55  4:29  Engineering Bay, SCV x2  
  57  4:34  Engineering Bay  
  57  4:37  Marine  
  60  4:41  SCV x2  
  60  4:44  Supply Depot  
  60  4:49  Combat Shield  
  60  4:50  Factory Tech Lab  
  60  4:53  SCV x2  
  62  5:02  Command Center  
  62  5:06  Terran Infantry Armor Level 1, Terran Infantry Weapons Level 1, Marine x2  
  62  5:07  Marine  
  64  5:09  SCV x2  
  64  5:14  Refinery x2  
  67  5:21  SCV x2  
  68  5:25  Marine x3  
  72  5:33  SCV x2  
  72  5:42  Marine  
  72  5:43  Barracks  
  72  5:44  Siege Tank  
  72  5:45  SCV x2  
  78  5:50  Supply Depot x2  
  78  6:07  Armory  
  78  6:10  Barracks  
  78  6:11  Barracks, SCV x2, Marine x2  
  78  6:14  Orbital Command  
  78  6:17  Medivac  
  84  6:23  SCV x2, Marine  
  87  6:32  Medivac  
  87  6:35  SCV x2  
  87  6:36  Barracks Reactor  
  87  6:37  Missile Turret  
  92  6:40  Orbital Command  
  91  6:47  SCV x2  
  91  6:52  Marine x3  
  96  6:57  Missile Turret  
  96  7:00  SCV x2, Marine x2  
  100  7:10  Marine x3  
  100  7:11  Missile Turret  
  100  7:13  SCV x2  
  105  7:19  Refinery  
  105  7:20  Barracks Reactor x2  
  105  7:21  Barracks Reactor  
  105  7:24  Missile Turret  
  105  7:25  Missile Turret  
  105  7:27  Marine  
  105  7:28  Supply Depot, Marine x2  
  106  7:31  SCV x3  
  106  7:34  Siege Tank  
  108  7:40  Supply Depot  
  108  7:45  Missile Turret, Marine  
  108  7:50  Medivac x2, SCV x3  
  108  7:51  Missile Turret  
  116  7:54  Marine x2  
  115  8:03  Marine  
  94  8:05  Marine x3  
  94  8:06  Marine x2  
  94  8:08  SCV x2  
  94  8:12  Marine  
  84  8:17  SCV  
Show
View Real Time Build Order
Export as new Build Order

SortOf Zerg - Winner!

Build Orders: Hatch First, Muta Ling Bane 

Get SALT Encoding   

  12  0:00  Drone  
  13  0:12  Overlord  
  13  0:17  Drone  
  14  0:30  Drone x2  
  16  0:48  Hatchery  
  15  0:51  Drone  
  15  0:55  Drone  
  17  0:58  Drone  
  18  1:13  Spawning Pool  
  18  1:15  Extractor  
  18  1:17  Drone  
  17  1:21  Drone  
  18  1:29  Drone  
  19  1:39  Drone  
  20  1:49  Drone  
  21  2:00  Queen x2, Overlord  
  25  2:01  Zergling x2  
  26  2:10  Zergling x2  
  26  2:12  Drone  
  29  2:22  Drone  
  29  2:23  Drone  
  29  2:24  Metabolic Boost  
  30  2:32  Drone  
  30  2:35  Drone, Queen  
  34  2:39  Spore Crawler  
  34  2:43  Drone  
  33  2:51  Overlord  
  34  2:54  Queen, Extractor  
  36  3:01  Overlord  
  36  3:09  Drone x3  
  39  3:13  Drone  
  39  3:14  Drone x2  
  39  3:17  Drone  
  43  3:25  Drone x3  
  46  3:29  Drone x2  
  48  3:40  Lair  
  48  3:44  Hatchery  
  48  3:47  Overlord  
  47  3:50  Drone x2  
  47  3:52  Extractor x2, Overlord  
  47  3:55  Drone  
  48  3:56  Drone  
  48  3:57  Drone  
  48  4:02  Baneling Nest  
  49  4:05  Drone x2  
  49  4:09  Drone x3  
  54  4:13  Extractor, Overlord  
  53  4:20  Queen  
  55  4:30  Overlord  
  55  4:36  Zergling x14  
  62  4:45  Zergling x2  
  63  4:46  Centrifical Hooks  
  63  4:50  Spire  
  63  4:52  Zergling x2  
  63  4:57  Zergling x10  
  68  5:02  Overlord  
  68  5:05  Drone x3  
  71  5:09  Drone x2  
  73  5:15  Drone  
  73  5:18  Drone  
  75  5:27  Overlord  
  74  5:29  Overlord  
  74  5:32  Zergling x14  
  77  5:42  Overlord  
  73  5:44  Baneling x2  
  73  5:46  Extractor  
  73  5:47  Drone x3  
  75  6:01  Mutalisk  
  75  6:02  Mutalisk x6  
  89  6:10  Mutalisk  
  91  6:12  Zergling x10  
  91  6:18  Overlord  
  96  6:21  Mutalisk  
  96  6:23  Zergling x8  
  102  6:29  Overlord  
  102  6:32  Mutalisk x2  
  104  6:35  Overlord  
  104  6:37  Zergling x4  
  104  6:38  Baneling  
  107  6:47  Mutalisk  
  107  6:52  Zergling x10  
  111  6:57  Baneling  
  111  7:00  Mutalisk x2  
  115  7:03  Zergling x10  
  118  7:11  Mutalisk  
  118  7:13  Zergling x8  
  121  7:19  Baneling x7  
  121  7:23  Zergling x6  
  124  7:32  Baneling x7  
  124  7:36  Zergling x16  
  130  7:40  Overseer  
  130  7:42  Zergling x6  
  133  7:47  Baneling x6  
  131  8:04  Zergling x10  
  120  8:07  Drone x5  

Tags
 
Add a new tag
Caveats
  • Supply blocks, unpowered buildings, or Contaminate may cause inaccurate times.
  • Supply counts are checked every 10 seconds.